 Dungeon Crawl Stone Soup version 0.27.1-4-g1640c2035a (webtiles) character file.

Game seed: 12119493466667103300

5 tizbic2 the Slasher (level 1, -2/17 HPs)
             Began as a Draconian Gladiator on Nov 13, 2021.
             Slain by a gnoll (8 damage)
             ... on level 2 of the Dungeon.
             The game lasted 00:01:36 (162 turns).

tizbic2 the Slasher (Draconian Gladiator)            Turns: 162, Time: 00:01:37

Health: -2/17      AC:  4    Str: 16    XL:     1   Next: 66%
Magic:  1/1        EV: 12    Int:  8    God:
Gold:   34         SH:  0    Dex: 12    Spells: 0/0 levels left

rFire    . . .     SeeInvis .   a - +0 long sword
rCold    . . .     Faith    .   (no shield)
rNeg     . . .     Spirit   .   (armour unavailable)
rPois    .         Reflect  .   b - +0 hat
rElec    .         Harm     .   (no cloak)
rCorr    .         Rampage  .   (no gloves)
Will     .....                  (no boots)
Stlth    +.........             (no amulet)
HPRegen  0.05/turn              (no ring)
MPRegen  0.07/turn              (no ring)

@: lethally poisoned (-2 -> -17)
A: AC +4, unfitting armour, cold-blooded
a: no special abilities


You were on level 2 of the Dungeon.
You visited 1 branch of the dungeon, and saw 2 of its levels.

You collected 34 gold pieces.

Inventory:

Hand Weapons
 a - a +0 long sword (weapon)
 f - a +2 dagger of draining
Missiles
 c - 3 throwing nets (quivered)
Armour
 b - a +0 hat (worn)
Scrolls
 d - a scroll of amnesia {unknown}
 e - a scroll of teleportation {unknown}
Potions
 g - a potion of lignification {unknown}


   Skills:
 * Level 2.2 Fighting
 * Level 3.1 Long Blades
 - Level 1.7 Throwing
 * Level 2.8 Dodging


You couldn't memorise any spells.
You didn't know any spells.
Your spell library was empty.

Dungeon Overview and Level Annotations

Branches:
Dungeon (1/15)

Altars:


Innate Abilities, Weirdness & Mutations

Your plain brown scales are hard. (AC +4)
You cannot fit into any form of body armour.
You are cold-blooded and may be slowed by cold attacks.


Message History

d - a scroll labelled RAPRAE DOWAFILUOT
e - a scroll labelled NOL SE ODUWK You fall into a shaft and drop 1 floor!
The shaft crumbles and collapses.
A goblin comes into view. It is wielding a +2 dagger of draining.
The goblin shouts!
The goblin closely misses you.
You hit the goblin.
You kill the goblin!
Things that are here:
a +2 dagger of draining; a goblin corpse
f - a +2 dagger of draining
Found a fuming brown potion.
g - a fuming brown potion A goblin comes into view.
It is wielding a +0 club.
The goblin shouts!
You hear a shout! x2
A worm comes into view.
A gnoll comes into view. It is wielding a +0 whip.
Found 7 gold pieces.
The goblin hits you with a +0 club.
A gnoll comes into view. It is wielding a +0 whip.
A gnoll comes into view. It is wielding a +1 spear of venom.
The goblin misses you.
You riposte.
You barely miss the goblin.
The gnoll shouts! x2
Your tail-slap misses the goblin.
You hear a shout!
A gnoll comes into view. It is wielding a +0 club.
The gnoll shouts!
The goblin hits you but does no damage. The gnoll closely misses you.
A kobold comes into view. It is wielding a +0 whip.
A hobgoblin comes into view.
The gnoll barely misses you. The gnoll closely misses you.
The gnoll hits you with a +0 whip.
The hobgoblin shouts!
The gnoll hits you from afar with a +1 spear of venom!
You are lethally poisoned!
The gnoll hits you but does no damage.
The kobold throws a stone.
The stone barely misses you. The gnoll hits you with a +0 whip!
You die...

..............##
...............##
#...............#
#....g..........#
...............#
...............#
.......K......#
........gg...##
#..$...@ggw...#
...####.g.....####
####.......#
#.......#
#.......#
#########


You could see a worm, 4 gnolls, a hobgoblin, a goblin and a kobold.

Vanquished Creatures
  A dart slug (D:1)
  2 ball pythons (D:1)
  A frilled lizard (D:1)
  A goblin (D:2)
5 creatures vanquished.

Notes
Turn   | Place    | Note
-------+----------+-------------------------------------------
     0 | D:1      | tizbic2 the Draconian Gladiator began the quest for the
                  | Orb.
     0 | D:1      | Reached XP level 1. HP: 17/17 MP: 1/1
   114 | D:1      | You fall into a shaft and drop 1 floor!
   162 | D:2      | Slain by a gnoll

Illustrated notes

Levels and vault maps discovered:
D:1:      grunt_arrival_crossed_arrows, layout_loops_corners,
          chequers_ecumenical_altar_simple_redux, minmay_tromino_v7
D:2:      layout_rooms, basic_altar

Action                   || total
-------------------------++-------
Melee: Long sword        ||     7
       Tailslap          ||     2
Armor: Skin              ||     2
Dodge: Dodged            ||    10
       Rpst.: Long sword ||     2
